 Dungeon Crawl Stone Soup version 0.19-a0-1714-gcab94ab (webtiles) character file.

62 st0uf the Grasshopper (level 4, 0/39 HPs)
             Began as a Naga Warper on Sept 28, 2016.
             Slain by a gnoll
             ... wielding a +0 club
              (4 damage)
             ... on level 3 of the Dungeon.
             The game lasted 00:06:30 (969 turns).

st0uf the Grasshopper (Naga Warper)                  Turns: 969, Time: 00:06:31

Health: 0/39       AC:  3    Str: 13    XL:     4   Next: 8%
Magic:  9/9        EV:  9    Int: 14    God:
Gold:   27         SH:  0    Dex: 11    Spells: 1 memorised, 8 levels left

rFire  . . .     SeeInvis +     a - +0 spear
rCold  . . .     Gourm    .     b - +0 leather armour
rNeg   . . .     Faith    .     (no shield)
rPois  +         Spirit   .     (no helmet)
rElec  .         Dismiss  .     (no cloak)
rCorr  .         Reflect  .     (no gloves)
MR     .....     Harm     .     (no barding)
Stlth  +.........               (no amulet)
                                (no ring)
                                (no ring)

@: short of breath, very slow
A: see invisible, deformed body, poison resistance, slowness 2, slow metabolism
1, spit poison 1, AC +1
a: Spit Poison


You were on level 3 of the Dungeon.
You were hungry.

You visited 1 branch of the dungeon, and saw 3 of its levels.

You collected 27 gold pieces.

Inventory:

Hand Weapons
 a - a +0 spear (weapon)
Missiles
 e - 5 tomahawks of dispersal (quivered)
Armour
 b - a +0 leather armour (worn)
Scrolls
 d - 2 scrolls of blinking
 g - a scroll of teleportation {unknown}
 j - a scroll of identify {unknown}
 l - 2 scrolls of magic mapping {unknown}
 n - a scroll of enchant armour {unknown}
Potions
 h - a potion of mutation {unknown}
 m - a potion of degeneration {unknown}
Books
 c - a book of Spatial Translocations

   Spells                             Type                      Level
   a - Apportation                    Translocation                1
   b - Blink                          Translocation                2
   c - Shroud of Golubria             Charms/Translocation         2
   d - Portal Projectile              Translocation                3
   e - Teleport Other                 Translocation                3
   f - Passage of Golubria            Translocation                4
Comestibles
 f - 2 bread rations
 i - 3 fruits


   Skills:
 - Level 2.0 Fighting
 - Level 2.0 Polearms
 - Level 0.8 Throwing
 - Level 0.7 Armour
 - Level 1.5 Dodging
 * Level 3.3 Spellcasting
 + Level 3.7 Translocations


You had 8 spell levels left.
You knew the following spells:

 Your Spells              Type           Power        Failure   Level  Hunger
a - Apportation           Tloc           ##........   8%          1    #......


Dungeon Overview and Level Annotations

Branches:
Dungeon (3/15)

Altars:


Innate Abilities, Weirdness & Mutations

You cannot wear boots.
Your serpentine skin is tough. (AC +1)
You have supernaturally acute eyesight. (SInv)
Armour fits poorly on your strangely shaped body.
Your system is resistant to poisons. (rPois)
You cover ground very slowly.
You have a slow metabolism.
You can spit poison.


Message History

You hit the leopard gecko.
You kill the leopard gecko!
A gnoll comes into view. It is wielding a club.
You see here a leopard gecko corpse.
You butcher the leopard gecko corpse.
You see here 2 chunks of flesh.
You closely miss the gnoll.
You have got your breath back.
The gnoll closely misses you.
You barely miss the gnoll. The gnoll hits you with a club.
* * * LOW HITPOINT WARNING * * *
A jackal comes into view.
The gnoll hits you with a club.
* * * LOW HITPOINT WARNING * * *
Press: ? - help, Shift-Dir - straight line, f - gnoll
Aim: a gnoll, wielding a club The splash of poison misses the gnoll.
You feel slightly more hungry. The gnoll hits you but does no damage.
You hit the gnoll but do no damage. The gnoll hits you with a club.
You die...

#.... .# #.#.# .# #†#.#
.S$ .. ##.#.# #.# .#
#..... #.# .# #..### #.#
##.# #<.# ### #.# #..#
#..# .. #.# #@# #..# #.
#.# #g# #..#
###.####.####h##### #
#..###
#......[).........##.#
#....#
##.#.#.####)(...........#
##.#.#
#......<.(..####.###.####
#.#.# ...g.######## #.#
#.# #.#.# #..## ...
#.########.#.# #.
.#.#.#..(.....((#.#


You could see a gnoll and a jackal.

Vanquished Creatures
  A gnoll shaman (D:3)
  An ooze (D:2)
  A worm (D:1)
  2 leopard geckos
  An orc (D:3)
  A ball python (D:3)
  5 bats
  A hobgoblin (D:1)
  A jackal (D:3)
  5 kobolds
  A frilled lizard (D:1)
  3 rats
23 creatures vanquished.

Notes
Turn   | Place    | Note
-------+----------+-------------------------------------------
     0 | D:1      | st0uf the Naga Warper began the quest for the Orb.
     0 | D:1      | Reached XP level 1. HP: 19/19 MP: 3/3
   143 | D:1      | Reached XP level 2. HP: 26/26 MP: 5/5
   569 | D:3      | Reached XP level 3. HP: 26/32 MP: 7/7
   943 | D:3      | Reached XP level 4. HP: 22/39 MP: 8/8
   969 | D:3      | Slain by a gnoll

Vault maps used:
D:1:      eino_arrival_cavern_b
D:3:      lemuel_castle_with_subvaults

Skill      XL: |  1  2  3 |
---------------+----------+-----
Spellcasting   | 3 |  3.3
Fighting       | |  2.0
Polearms       | |  2.0
Throwing       | |  0.8
Armour         | |  0.7
Dodging        | |  1.5
Translocations | |  3.7

Action                   |  1- 3 |  4- 6 || total
-------------------------+-------+-------++-------
Melee: Spear             |    47 |    12 ||    59
 Abil: Spit Poison       |    30 |     4 ||    34
  Eat: Chunk             |     1 |       ||     1
Armor: Leather armour    |    15 |    10 ||    25
Dodge: Dodged            |    26 |     5 ||    31
